[Event "RUS-chT Rapid Men 2018"]
[Site "Sochi"]
[Date "2018.10.09"]
[Round "7"]
[White "Girshgorn, Leonid"]
[Black "Gogolev, Artem"]
[Result "1-0"]
[ECO "A45"]
[WhiteElo "1925"]
[BlackElo "2389"]
[Annotator "NA"]
[PlyCount "91"]
[EventDate "2018.10.05"]
[EventType "swiss"]
[EventCountry "RUS"]
[SourceTitle "playchess.com"]
[Source "ChessBase"]
[SourceQuality "1"]
[TimeControl "900+10"]

1. d4 Nf6 2. Bf4 g6 3. Nc3 d5 4. e3 Bg7 5. h4 a6 6. Nf3 Nbd7 7. Ne5 c5 8. Be2 h5 9. Nxd7 Bxd7 10. dxc5 Qa5 11. Qd4 O-O 12. Be5 Rac8 13. b4 Qa3 14. O-O a5 15. Nxd5 Rfe8 16. Bxf6 exf6 17. Nb6 Be6 18. Nxc8 Rxc8 19. e4 f5 20. e5 Qxb4 21. Qxb4 axb4 22. f4 Bf8 23. Bf3 Rxc5 24. a3 bxa3 25. Rxa3 Rxc2 26. Ra8 b5 27. Rd1 Rc8 28. Rxc8 Bxc8 29. Rd8 Be6 30. Bd5 Bxd5 31. Rxd5 b4 32. Rb5 Be7 33. g3 Kg7 34. Kg2 Kf8 35. Rb8+ Kg7 36. Kf3 Bc5 37. Rb5 Be7 38. Ke3 Kf8 39. Rb8+ Kg7 40. Kd4 Bf8 41. Kd5 Be7 42. Rb7 Kf8 43. Kc6 f6 44. e6 g5 45. Kd7 Bc5 46. Rb5 1-0

[Event "RUS-chT Rapid Men 2018"]
[Site "Sochi"]
[Date "2018.10.09"]
[Round "8"]
[White "Demidov, Mikhail"]
[Black "Timofeev, Artyom"]
[Result "0-1"]
[ECO "A04"]
[WhiteElo "2514"]
[BlackElo "2580"]
[Annotator "ChessBase"]
[PlyCount "88"]
[EventDate "2018.10.05"]
[EventType "swiss"]
[EventCountry "RUS"]
[SourceTitle "playchess.com"]
[Source "ChessBase"]
[SourceQuality "1"]
[TimeControl "900+10"]

1. Nf3 c5 2. b3 d6 3. Bb2 e5 4. e4 Nf6 5. Bb5+ Nbd7 6. O-O a6 7. Bd3 Be7 8. c3 O-O 9. Bc2 d5 10. exd5 Nxd5 11. Re1 Bf6 12. Na3 Qc7 13. Qe2 g6 14. Nc4 b5 15. Ncxe5 Nxe5 16. Nxe5 Bb7 17. g3 Rfe8 18. d4 b4 19. c4 Nc3 20. Bxc3 bxc3 21. Be4 cxd4 22. Bxb7 Qxb7 23. f4 Bxe5 24. fxe5 Rad8 25. Qd3 Qc7 26. e6 fxe6 27. b4 e5 28. c5 Qc6 29. Re4 Qb5 30. Qb1 Qc4 31. Qc2 Rf8 32. Rae1 Rf3 33. Rxe5 d3 34. Qd1 Rdf8 35. Re8 Qd4+ 36. Kg2 Rf2+ 37. Kh3 Qd7+ 38. R8e6 d2 39. c6 dxe1=Q 40. Qxd7 Rxh2+ 41. Kg4 h5+ 42. Kg5 Qxg3+ 43. Kh6 Qf4+ 44. Kxg6 Rg2+ 0-1

[Event "RUS-chT Rapid Men 2018"]
[Site "Sochi"]
[Date "2018.10.09"]
[Round "8"]
[White "Hasangatin, Ramil"]
[Black "Apryshko, Gleb"]
[Result "0-1"]
[ECO "B06"]
[WhiteElo "2485"]
[BlackElo "2399"]
[Annotator "ChessBase"]
[PlyCount "100"]
[EventDate "2018.10.05"]
[EventType "swiss"]
[EventCountry "RUS"]
[SourceTitle "playchess.com"]
[Source "ChessBase"]
[SourceQuality "1"]
[TimeControl "900+10"]

1. e4 g6 2. d4 Bg7 3. Nf3 d6 4. c3 e5 5. dxe5 dxe5 6. Qxd8+ Kxd8 7. Bc4 f6 8. Be3 Bh6 9. Ke2 Bxe3 10. Kxe3 Nh6 11. Nbd2 a5 12. Ne1 Ke7 13. Nd3 Nd7 14. a3 a4 15. Nb4 c6 16. f3 Nc5 17. Rad1 Bd7 18. Nd3 Ra5 19. Rhe1 Rd8 20. Nf1 Ne6 21. Kd2 Nf4 22. Nxf4 exf4 23. Kc2 Rg5 24. Re2 Be6 25. Bxe6 Rxd1 26. Kxd1 Kxe6 27. Nd2 b5 28. c4 Nf7 29. cxb5 cxb5 30. Nb1 Nd6 31. Nc3 Rc5 32. g3 Nc4 33. Kc2 g5 34. Rf2 Rc8 35. Kd3 Rd8+ 36. Kc2 Ne3+ 37. Kc1 h5 38. gxf4 gxf4 39. h4 Rd7 40. Rd2 Rc7 41. Rd8 Rc5 42. Re8+ Kf7 43. Rb8 Ng2 44. Kd2 Nxh4 45. Ke2 Rg5 46. Rxb5 Rg3 47. Rxh5 Nxf3 48. Nd5 Nd4+ 49. Kf2 Rb3 50. Nxf4 Rf3+ 0-1

[Event "RUS-chT Rapid Men 2018"]
[Site "Sochi"]
[Date "2018.10.09"]
[Round "8"]
[White "Savitskiy, Sergey"]
[Black "Pogromsky, Mikhail"]
[Result "1-0"]
[ECO "B28"]
[WhiteElo "2413"]
[BlackElo "2415"]
[Annotator "NA"]
[PlyCount "73"]
[EventDate "2018.10.05"]
[EventType "swiss"]
[EventCountry "RUS"]
[SourceTitle "playchess.com"]
[Source "ChessBase"]
[SourceQuality "1"]
[TimeControl "900+10"]

1. e4 c5 2. Nf3 a6 3. Nc3 b6 4. d4 cxd4 5. Nxd4 Bb7 6. Qf3 e6 7. Qg3 d6 8. Bg5 Nf6 9. O-O-O Nbd7 10. f3 Qc7 11. h4 h5 12. Nb3 b5 13. a3 Ne5 14. Bf4 O-O-O 15. Qe1 Be7 16. a4 b4 17. Na2 a5 18. Nd4 d5 19. Kb1 dxe4 20. Nc1 Nd5 21. Bh2 Bf6 22. fxe4 Nc3+ 23. bxc3 bxc3 24. Ncb3 Rd6 25. Nb5 Rxd1+ 26. Qxd1 Qe7 27. Qe1 Ng4 28. e5 Bxh4 29. Qxc3+ Kb8 30. Bg1 Bf2 31. Qxa5 Bxg1 32. Rxg1 Nxe5 33. Qa7+ Kc8 34. a5 Nc6 35. Qb6 Rd8 36. Be2 Qb4 37. Qc7# 1-0

[Event "RUS-chT Rapid Men 2018"]
[Site "Sochi"]
[Date "2018.10.09"]
[Round "8"]
[White "Sergeyev, Alexander"]
[Black "Dilmukhametov, Artur"]
[Result "1-0"]
[ECO "D14"]
[WhiteElo "2397"]
[BlackElo "2353"]
[Annotator "NA"]
[PlyCount "87"]
[EventDate "2018.10.05"]
[EventType "swiss"]
[EventCountry "RUS"]
[SourceTitle "playchess.com"]
[Source "ChessBase"]
[SourceQuality "1"]
[TimeControl "900+10"]

1. Nf3 d5 2. c4 c6 3. d4 Nf6 4. cxd5 cxd5 5. Nc3 Nc6 6. Bf4 Bf5 7. e3 e6 8. Bb5 Nd7 9. O-O Rc8 10. Bg3 Be7 11. Qe2 O-O 12. Rad1 a6 13. Bd3 Bxd3 14. Qxd3 b5 15. e4 dxe4 16. Nxe4 Nb4 17. Qb3 Qb6 18. Nc5 Nxc5 19. Qxb4 Nd3 20. Qxe7 Nxb2 21. Rc1 Nc4 22. h4 Qa5 23. Rc2 Rce8 24. Qb7 Qa4 25. Rfc1 Rd8 26. Bc7 Rd5 27. Bb6 h6 28. Bc5 Rfd8 29. Bb6 R5d7 30. Bc7 Re7 31. Qc6 Rc8 32. Rxc4 Qxc4 33. Rxc4 bxc4 34. Qxc4 Rcxc7 35. Qxa6 Ra7 36. Qe2 Ra4 37. d5 Raa7 38. d6 Red7 39. Qb5 Rd8 40. Ne5 Rxa2 41. Qb7 Rf8 42. d7 Rd2 43. Nc6 g6 44. Qc7 1-0

[Event "RUS-chT Rapid Men 2018"]
[Site "Sochi"]
[Date "2018.10.09"]
[Round "8"]
[White "Tekeyev, Zaur"]
[Black "Garifullina, Leya"]
[Result "1-0"]
[ECO "C50"]
[WhiteElo "2392"]
[BlackElo "2106"]
[Annotator "NA"]
[PlyCount "91"]
[EventDate "2018.10.05"]
[EventType "swiss"]
[EventCountry "RUS"]
[SourceTitle "playchess.com"]
[Source "ChessBase"]
[SourceQuality "1"]
[TimeControl "900+10"]

1. e4 e5 2. Nf3 Nc6 3. Bc4 Bc5 4. d3 Nf6 5. O-O d6 6. c3 O-O 7. Bg5 h6 8. Bh4 Bb6 9. Nbd2 Be6 10. Bb5 Bd7 11. Ba4 Qe7 12. Nc4 Kh8 13. Ne3 Bxe3 14. fxe3 Nb8 15. Bc2 Bg4 16. h3 Bh5 17. g4 Bg6 18. Qe1 Nbd7 19. g5 hxg5 20. Bxg5 c6 21. Nh4 Bh7 22. Nf5 Qe6 23. Qh4 g6 24. Nxd6 Ng8 25. Nxf7+ Rxf7 26. Bb3 Rxf1+ 27. Rxf1 Qe8 28. Rf7 Qxf7 29. Bxf7 Kg7 30. Be6 Nc5 31. Bb3 Nxd3 32. Qg4 Nc5 33. Bc2 a5 34. b4 axb4 35. cxb4 Rxa2 36. bxc5 Rxc2 37. Qd7+ Kh8 38. Qd6 Rc1+ 39. Kf2 Rc2+ 40. Kg3 Kg7 41. Qxe5+ Kf8 42. Qb8+ Kg7 43. Qxb7+ Kh8 44. Qxc6 Rd2 45. Qe6 Rc2 46. Qe5+ 1-0

[Event "RUS-chT Rapid Men 2018"]
[Site "Sochi"]
[Date "2018.10.09"]
[Round "8"]
[White "Ozgibcev, Anatoly"]
[Black "Potapov, Pavel"]
[Result "0-1"]
[ECO "B22"]
[WhiteElo "2368"]
[BlackElo "2515"]
[Annotator "ChessBase"]
[PlyCount "71"]
[EventDate "2018.10.05"]
[EventType "swiss"]
[EventCountry "RUS"]
[SourceTitle "playchess.com"]
[Source "ChessBase"]
[SourceQuality "1"]
[TimeControl "900+10"]

1. e4 c5 2. c3 Nf6 3. e5 Nd5 4. d4 cxd4 5. Nf3 Nc6 6. Bc4 Nb6 7. Bb3 g6 8. Ng5 d5 9. cxd4 Bg7 10. O-O O-O 11. Nc3 h6 12. Nf3 Bg4 13. Be3 f6 14. Qd3 Bxf3 15. Qxg6 fxe5 16. Bxh6 Rf7 17. gxf3 Nxd4 18. Ne4 Nxf3+ 19. Kh1 Rc8 20. Rac1 Rxc1 21. Rxc1 Qd7 22. Rg1 Nxg1 23. Ng5 Qf5 24. Qxf7+ Qxf7 25. Nxf7 Kxf7 26. Bxg7 Kxg7 27. Kxg1 e4 28. Kg2 Kf6 29. Kg3 e6 30. Kf4 Nd7 31. h4 Ne5 32. h5 Nd3+ 33. Ke3 Nxb2 34. Kd4 b6 35. h6 Kg6 36. Bxd5 0-1

[Event "RUS-chT Rapid Men 2018"]
[Site "Sochi"]
[Date "2018.10.09"]
[Round "8"]
[White "Ivlev, Aleksey"]
[Black "Derjabin, Ilja"]
[Result "1-0"]
[ECO "A53"]
[WhiteElo "2326"]
[BlackElo "2345"]
[Annotator "NA"]
[PlyCount "89"]
[EventDate "2018.10.05"]
[EventType "swiss"]
[EventCountry "RUS"]
[SourceTitle "playchess.com"]
[Source "ChessBase"]
[SourceQuality "1"]
[TimeControl "900+10"]

1. d4 Nf6 2. c4 d6 3. Nc3 Bf5 4. g3 e5 5. Bg2 c6 6. e4 Bg6 7. Nge2 Nbd7 8. O-O Be7 9. h3 h6 10. b3 O-O 11. Bb2 Re8 12. Re1 Bf8 13. d5 c5 14. Nc1 Bh7 15. Nd3 g5 16. a3 Bg7 17. b4 b6 18. a4 a5 19. bxc5 bxc5 20. Nb5 Nb6 21. Qc2 Bf8 22. Bc1 Nfd7 23. Bd2 f5 24. f3 Nf6 25. Nc1 fxe4 26. fxe4 g4 27. h4 Nh5 28. Ra3 Be7 29. Bxh6 Bxh4 30. Qe2 Kh8 31. Qxg4 Bxg3 32. Qxh5 Rg8 33. Rf1 Bf4 34. Bxf4 exf4 35. Rxf4 Nxc4 36. Rh3 Rg7 37. Nd3 Qg8 38. Rf2 Rf8 39. Qe2 Re8 40. Kh1 Ree7 41. Nf4 Ne5 42. Ne6 Rgf7 43. Nxd6 Rxf2 44. Qxf2 Ng4 45. Qb2+ 1-0

[Event "RUS-chT Rapid Men 2018"]
[Site "Sochi"]
[Date "2018.10.09"]
[Round "8"]
[White "Inozemtsev, Sergei"]
[Black "Belyakov, Bogdan"]
[Result "1-0"]
[ECO "C65"]
[WhiteElo "2310"]
[BlackElo "2458"]
[Annotator "ChessBase"]
[PlyCount "89"]
[EventDate "2018.10.05"]
[EventType "swiss"]
[EventCountry "RUS"]
[SourceTitle "playchess.com"]
[Source "ChessBase"]
[SourceQuality "1"]
[TimeControl "900+10"]

1. e4 e5 2. Nf3 Nc6 3. Bb5 Nf6 4. d3 Bc5 5. c3 O-O 6. O-O d6 7. Nbd2 a6 8. Bxc6 bxc6 9. Nb3 Bb6 10. Be3 Re8 11. c4 h6 12. c5 dxc5 13. Rc1 Rb8 14. Bxc5 Be6 15. Bxb6 Rxb6 16. Na5 Rxb2 17. Nxc6 Qd6 18. Ncxe5 Rxa2 19. Rc6 Qd8 20. Qb1 Ra3 21. Qc1 Ra2 22. Qb1 Ra3 23. Qc1 Ra2 24. Rxc7 Ng4 25. Nxg4 Bxg4 26. Qf4 Bh5 27. Rc3 Qa5 28. Rcc1 Ra3 29. Rfd1 Rd8 30. g4 g5 31. Qg3 Bg6 32. Ne5 Rc3 33. Nc6 Rxc1 34. Rxc1 Qd2 35. Ne7+ Kh7 36. Qc7 Qxd3 37. Nxg6 Kxg6 38. Rc6+ f6 39. h3 Qxh3 40. Qxd8 Qxg4+ 41. Kf1 Qh3+ 42. Ke1 Qh1+ 43. Kd2 Kh5 44. Qxf6 Qb1 45. Qf3+ 1-0

[Event "RUS-chT Rapid Men 2018"]
[Site "Sochi"]
[Date "2018.10.09"]
[Round "8"]
[White "Kurbedinov, Ramis"]
[Black "Uzhva, Andrey"]
[Result "1/2-1/2"]
[ECO "A05"]
[WhiteElo "2305"]
[BlackElo "2270"]
[Annotator "NA"]
[PlyCount "98"]
[EventDate "2018.10.05"]
[EventType "swiss"]
[EventCountry "RUS"]
[SourceTitle "playchess.com"]
[Source "ChessBase"]
[SourceQuality "1"]
[TimeControl "900+10"]

1. Nf3 Nf6 2. c4 g6 3. Nc3 Bg7 4. e4 c5 5. d4 cxd4 6. Nxd4 d6 7. Be2 Nc6 8. Nc2 O-O 9. O-O h6 10. Be3 b6 11. f3 Bb7 12. Qd2 Kh7 13. Rac1 Rc8 14. b3 Qd7 15. Rfd1 Rfd8 16. Nd5 Ne8 17. Nd4 e6 18. Nc3 Qe7 19. Ncb5 Ba8 20. Bf1 Rd7 21. Qf2 Nb4 22. Nc3 Rdd8 23. Rd2 Nc6 24. Rcd1 Ne5 25. a4 Nc6 26. Nxc6 Bxc6 27. Bd4 Qg5 28. Bxg7 Kxg7 29. Nb5 Bxb5 30. axb5 e5 31. Ra2 Rc7 32. g3 Rdd7 33. h4 Qf6 34. Bh3 Re7 35. Kg2 Kf8 36. Qd2 Kg7 37. Rda1 Kh7 38. Ra6 Qg7 39. Qd5 h5 40. Qa8 f6 41. Qd8 Qh6 42. Qa8 Qd2+ 43. Kh1 Qf2 44. Rxa7 Qxg3 45. Bg2 Qxh4+ 46. Kg1 Rxa7 47. Rxa7 Qe1+ 48. Kh2 Qh4+ 49. Kg1 Qe1+ 1/2-1/2

[Event "RUS-chT Rapid Men 2018"]
[Site "Sochi"]
[Date "2018.10.09"]
[Round "8"]
[White "Rozhko, Dmitry"]
[Black "Kharitonov, Egor"]
[Result "1-0"]
[ECO "E09"]
[WhiteElo "2305"]
[BlackElo "2387"]
[Annotator "NA"]
[PlyCount "85"]
[EventDate "2018.10.05"]
[EventType "swiss"]
[EventCountry "RUS"]
[SourceTitle "playchess.com"]
[Source "ChessBase"]
[SourceQuality "1"]
[TimeControl "900+10"]

1. d4 d5 2. Nf3 e6 3. g3 Nf6 4. Bg2 Be7 5. c4 O-O 6. Nbd2 Nbd7 7. O-O c6 8. Qc2 b6 9. e4 dxc4 10. Nxc4 Bb7 11. Rd1 c5 12. Nfe5 b5 13. Nxd7 Nxd7 14. Ne3 cxd4 15. Rxd4 Rc8 16. Qd1 Rc7 17. Bd2 Bc5 18. Rd3 Qe7 19. Ba5 Ne5 20. Bxc7 Nxd3 21. Qxd3 Qxc7 22. Qxb5 Bxe3 23. fxe3 Rd8 24. Qe2 Qc5 25. Qe1 Rd3 26. Rc1 Qb6 27. Rc3 Rd7 28. Rc2 h6 29. Qc3 Ba6 30. Rd2 Rc7 31. Qd4 Rc1+ 32. Kf2 Qb5 33. g4 h5 34. a4 Rf1+ 35. Kg3 h4+ 36. Kh3 Qb3 37. Qd8+ Kh7 38. Qxh4+ Kg6 39. Qh5+ Kf6 40. e5+ Ke7 41. Qg5+ f6 42. Qxg7+ Ke8 43. Bc6# 1-0

[Event "RUS-chT Rapid Men 2018"]
[Site "Sochi"]
[Date "2018.10.09"]
[Round "8"]
[White "Kretov, Evgenij"]
[Black "Klimentov, Evgeny"]
[Result "1-0"]
[ECO "E00"]
[WhiteElo "2219"]
[BlackElo "2135"]
[Annotator "NA"]
[PlyCount "105"]
[EventDate "2018.10.05"]
[EventType "swiss"]
[EventCountry "RUS"]
[SourceTitle "playchess.com"]
[Source "ChessBase"]
[SourceQuality "1"]
[TimeControl "900+10"]

1. d4 Nf6 2. c4 e6 3. Nc3 b6 4. e4 Bb7 5. f3 Bb4 6. Qc2 c5 7. d5 exd5 8. cxd5 O-O 9. Bd3 d6 10. Nge2 Nbd7 11. a3 Ba5 12. O-O Ne5 13. Ng3 c4 14. Be2 b5 15. h3 Re8 16. Kh2 a6 17. f4 Ng6 18. Bd2 Nf8 19. Rae1 N6d7 20. Be3 Bb6 21. Qd2 Bxe3 22. Qxe3 Nc5 23. e5 Bc8 24. Nce4 Nxe4 25. Qxe4 Ra7 26. Bf3 Rae7 27. Nf5 Bxf5 28. Qxf5 dxe5 29. fxe5 Rxe5 30. Rxe5 Qc7 31. Rfe1 f6 32. Rd1 Qd6 33. Kh1 Rxe5 34. Qc8 Kf7 35. a4 Nd7 36. axb5 axb5 37. Qc6 Qe7 38. Qxb5 Re1+ 39. Rxe1 Qxe1+ 40. Kh2 Ne5 41. Qb7+ Kg6 42. d6 Qe3 43. Be4+ Kh6 44. Qd5 Qa7 45. Qd2+ g5 46. Bf5 Qb8 47. Qd5 Kg7 48. Be6 h5 49. Qc5 Qxb2 50. d7 Nf3+ 51. Kg3 h4+ 52. Kxf3 Qc3+ 53. Qe3 1-0

[Event "RUS-chT Rapid Men 2018"]
[Site "Sochi"]
[Date "2018.10.09"]
[Round "8"]
[White "Okun, Evgeny"]
[Black "Popov, Maksim M."]
[Result "1-0"]
[ECO "A00"]
[WhiteElo "2163"]
[BlackElo "2219"]
[Annotator "NA"]
[PlyCount "93"]
[EventDate "2018.10.05"]
[EventType "swiss"]
[EventCountry "RUS"]
[SourceTitle "playchess.com"]
[Source "ChessBase"]
[SourceQuality "1"]
[TimeControl "900+10"]

1. g3 Nf6 2. f4 d5 3. Nf3 c5 4. Bg2 Nc6 5. d3 g6 6. O-O Bg7 7. Qe1 d4 8. Na3 O-O 9. Bd2 Rb8 10. c3 Nd5 11. Rc1 h6 12. h3 Be6 13. Nh4 Kh7 14. f5 gxf5 15. Nxf5 Bxf5 16. Rxf5 e6 17. Rf1 a6 18. Nc2 Qd6 19. e4 Nc7 20. c4 Ne5 21. Qe2 b5 22. cxb5 axb5 23. Bf4 c4 24. Ne1 c3 25. bxc3 dxc3 26. Qf2 Qb4 27. d4 Ng6 28. Nc2 Qe7 29. Be3 b4 30. h4 Qd7 31. h5 Ne7 32. Qe2 Qb5 33. Qxb5 Rxb5 34. g4 Ra8 35. Rxf7 Rxa2 36. Nxb4 Rxb4 37. Rxe7 Rbb2 38. Bf3 Nb5 39. e5 Kg8 40. Rxe6 Rc2 41. Rxc2 Rxc2 42. Be4 Rb2 43. Re8+ Bf8 44. Bxh6 Kf7 45. Rxf8+ Ke6 46. Rf6+ Ke7 47. Bg5 1-0

[Event "RUS-chT Rapid Men 2018"]
[Site "Sochi"]
[Date "2018.10.09"]
[Round "8"]
[White "Tatarintsev, Egor"]
[Black "Kostin, Alexey"]
[Result "0-1"]
[ECO "E10"]
[WhiteElo "2086"]
[BlackElo "2253"]
[Annotator "NA"]
[PlyCount "68"]
[EventDate "2018.10.05"]
[EventType "swiss"]
[EventCountry "RUS"]
[SourceTitle "playchess.com"]
[Source "ChessBase"]
[SourceQuality "1"]
[TimeControl "900+10"]

1. d4 Nf6 2. c4 e6 3. Nf3 d5 4. g3 c5 5. cxd5 exd5 6. Bg2 Nc6 7. O-O Be7 8. Nc3 Be6 9. dxc5 Bxc5 10. Bg5 Be7 11. Nd4 O-O 12. Nxe6 fxe6 13. Qb3 Qb6 14. Qxb6 axb6 15. Rfd1 Bc5 16. Bxf6 Rxf6 17. e3 Ne5 18. Rd2 Nc4 19. Re2 Ne5 20. Rd1 Raf8 21. Rdd2 Bb4 22. Rd1 Rc8 23. Nb1 Nd3 24. a3 Nc1 25. axb4 Nxe2+ 26. Kf1 Rc2 27. f4 Nc1 28. Nc3 Kf8 29. e4 g5 30. exd5 gxf4 31. Ne4 f3 32. Nxf6 fxg2+ 33. Kg1 Ne2+ 34. Kxg2 Nc3+ 0-1

[Event "RUS-chT Rapid Men 2018"]
[Site "Sochi"]
[Date "2018.10.09"]
[Round "8"]
[White "Rudakov, Sergey S."]
[Black "Riazhskih, Vitaly"]
[Result "1/2-1/2"]
[ECO "B42"]
[WhiteElo "1733"]
[BlackElo "2165"]
[Annotator "NA"]
[PlyCount "112"]
[EventDate "2018.10.05"]
[EventType "swiss"]
[EventCountry "RUS"]
[SourceTitle "playchess.com"]
[Source "ChessBase"]
[SourceQuality "1"]
[TimeControl "900+10"]

1. e4 c5 2. Nf3 e6 3. d4 cxd4 4. Nxd4 a6 5. Bd3 Nf6 6. O-O d6 7. Be3 Nbd7 8. f4 g6 9. Nd2 Bg7 10. Qe2 O-O 11. h3 Re8 12. Qf2 Qc7 13. Qf3 b5 14. Rae1 Bb7 15. Qg3 Rac8 16. f5 d5 17. Qxc7 Rxc7 18. fxe6 fxe6 19. exd5 Nxd5 20. Bf2 Nc5 21. N2b3 Nxd3 22. cxd3 e5 23. Nf3 Nf4 24. Re3 Rc2 25. Rb1 Rd8 26. Ne1 Rcc8 27. Rc1 Bd5 28. Rxc8 Rxc8 29. Nf3 Rc2 30. d4 e4 31. Ne5 Rxb2 32. Kf1 Rxa2 33. Nc5 Bxe5 34. dxe5 Ra1+ 35. Be1 Bc4+ 36. Kf2 Ra2+ 37. Kg3 g5 38. Kg4 Rxg2+ 39. Kf5 Kf7 40. Nxa6 Re2 41. Rxe2 Bxe2 42. h4 Ng2 43. e6+ Ke8 44. Kf6 Bh5 45. Nc7+ Kd8 46. Ba5 gxh4 47. Nxb5+ Ke8 48. Nd6+ Kf8 49. Nxe4 h3 50. Bc7 Ne3 51. Bd6+ Ke8 52. Kg5 Bg6 53. Nf6+ Kd8 54. e7+ Kc8 55. Nxh7 Be8 56. Nf6 Ba4 1/2-1/2

[Event "RUS-chT Rapid Men 2018"]
[Site "Sochi"]
[Date "2018.10.09"]
[Round "9"]
[White "Antipov, Mikhail Al."]
[Black "Sharafiev, Azat"]
[Result "1-0"]
[ECO "B40"]
[WhiteElo "2593"]
[BlackElo "2432"]
[Annotator "ChessBase"]
[PlyCount "65"]
[EventDate "2018.10.05"]
[EventType "swiss"]
[EventCountry "RUS"]
[SourceTitle "playchess.com"]
[Source "ChessBase"]
[SourceQuality "1"]
[TimeControl "900+10"]

1. e4 c5 2. Nf3 e6 3. b3 b6 4. Bb2 Bb7 5. Nc3 Nc6 6. Qe2 d6 7. O-O-O e5 8. g4 Nge7 9. Nd5 Qd7 10. c4 O-O-O 11. h4 Nxd5 12. exd5 Nd4 13. Nxd4 cxd4 14. f4 Qc7 15. Kb1 Be7 16. Re1 f6 17. g5 Rhe8 18. Bh3+ Kb8 19. Be6 Bc8 20. f5 g6 21. gxf6 Bxf6 22. Bxc8 Qxc8 23. fxg6 hxg6 24. Ref1 Be7 25. Qe4 Rf8 26. Qxg6 Rxf1+ 27. Rxf1 Bxh4 28. Ba3 Be7 29. Rf7 Qd7 30. Qe6 Qxe6 31. dxe6 Bg5 32. e7 Re8 33. Rf8 1-0

[Event "RUS-chT Rapid Men 2018"]
[Site "Sochi"]
[Date "2018.10.09"]
[Round "9"]
[White "Potapov, Pavel"]
[Black "Sychev, Klementy"]
[Result "1/2-1/2"]
[ECO "C00"]
[WhiteElo "2515"]
[BlackElo "2534"]
[Annotator "ChessBase"]
[PlyCount "56"]
[EventDate "2018.10.05"]
[EventType "swiss"]
[EventCountry "RUS"]
[SourceTitle "playchess.com"]
[Source "ChessBase"]
[SourceQuality "1"]
[TimeControl "900+10"]

1. e4 e6 2. d4 d5 3. Bd3 dxe4 4. Bxe4 Nf6 5. Bf3 c5 6. Ne2 Nc6 7. Be3 cxd4 8. Nxd4 Ne5 9. Nc3 a6 10. Qe2 Nxf3+ 11. Nxf3 Be7 12. Bd4 O-O 13. O-O-O Qc7 14. Be5 Qa5 15. Bd6 Bxd6 16. Rxd6 Bd7 17. Ne5 Bb5 18. Qe3 Rac8 19. Rhd1 Bc4 20. Nxc4 Rxc4 21. Kb1 Rfc8 22. Qb6 Qxb6 23. Rxb6 R4c7 24. f3 Kf8 25. a4 Ke7 26. Rd2 Nd7 27. Rb4 Nf6 28. Rb6 Nd7 1/2-1/2

[Event "RUS-chT Rapid Men 2018"]
[Site "Sochi"]
[Date "2018.10.09"]
[Round "9"]
[White "Khanin, Semen"]
[Black "Taysayev, Timur"]
[Result "1-0"]
[ECO "B63"]
[WhiteElo "2510"]
[BlackElo "2225"]
[Annotator "ChessBase"]
[PlyCount "41"]
[EventDate "2018.10.05"]
[EventType "swiss"]
[EventCountry "RUS"]
[SourceTitle "playchess.com"]
[Source "ChessBase"]
[SourceQuality "1"]
[TimeControl "900+10"]

1. e4 c5 2. Nf3 d6 3. d4 cxd4 4. Nxd4 Nf6 5. Nc3 Nc6 6. Bg5 e6 7. Qd2 Be7 8. O-O-O Nxd4 9. Qxd4 O-O 10. f3 a6 11. h4 b5 12. a3 e5 13. Qd2 Be6 14. g4 Qa5 15. Kb1 b4 16. axb4 Qxb4 17. Nd5 Qb7 18. Nxe7+ Qxe7 19. Qxd6 Rfd8 20. Qxe7 Rxd1+ 21. Bc1 1-0

[Event "RUS-chT Rapid Men 2018"]
[Site "Sochi"]
[Date "2018.10.09"]
[Round "9"]
[White "Belyakov, Bogdan"]
[Black "Kozionov, Kirill"]
[Result "1/2-1/2"]
[ECO "B22"]
[WhiteElo "2458"]
[BlackElo "2458"]
[Annotator "ChessBase"]
[PlyCount "73"]
[EventDate "2018.10.05"]
[EventType "swiss"]
[EventCountry "RUS"]
[SourceTitle "playchess.com"]
[Source "ChessBase"]
[SourceQuality "1"]
[TimeControl "900+10"]

1. e4 c5 2. c3 d5 3. exd5 Qxd5 4. d4 Nc6 5. Nf3 Bf5 6. Be2 cxd4 7. Nxd4 Nxd4 8. cxd4 a6 9. O-O Nf6 10. Nc3 Qd7 11. Na4 Rd8 12. Be3 e6 13. Rc1 Nd5 14. Qb3 Bd6 15. Nc5 Bxc5 16. Rxc5 O-O 17. Bf3 Rc8 18. Rfc1 h6 19. h3 Rfd8 20. a4 b6 21. Rxc8 Rxc8 22. Rxc8+ Qxc8 23. Bxd5 exd5 24. Qxb6 Bc2 25. b3 Bd1 26. Kh2 Bc2 27. Bf4 Kh7 28. Be5 f6 29. Bf4 Bd1 30. Be3 Bc2 31. Qb4 Bd1 32. Kg1 Qc2 33. Qb6 Qxb3 34. Qxa6 Qxa4 35. Qd3+ Kh8 36. Qf5 Qc6 37. Qf4 1/2-1/2

[Event "RUS-chT Rapid Men 2018"]
[Site "Sochi"]
[Date "2018.10.09"]
[Round "9"]
[White "Vastrukhin, Oleg"]
[Black "Zvjaginsev, Vadim"]
[Result "1/2-1/2"]
[ECO "A08"]
[WhiteElo "2413"]
[BlackElo "2644"]
[Annotator "RC"]
[PlyCount "44"]
[EventDate "2018.10.05"]
[EventType "swiss"]
[EventCountry "RUS"]
[SourceTitle "playchess.com"]
[Source "ChessBase"]
[SourceQuality "1"]
[TimeControl "900+10"]

1. Nf3 d5 2. g3 c5 3. Bg2 Nc6 4. d4 Nf6 5. O-O e6 6. c4 dxc4 7. Qa4 Bd7 8. dxc5 Bxc5 9. Qxc4 Be7 10. Nc3 Rc8 11. Rd1 Qa5 12. Qb5 Qxb5 13. Nxb5 Nd5 14. Nfd4 Nxd4 15. Nxd4 O-O 16. Bxd5 exd5 17. Bd2 Ba4 18. Rdc1 Bf6 19. e3 Bxd4 20. exd4 f6 21. Rxc8 Rxc8 22. Rc1 Rxc1+ 1/2-1/2

[Event "RUS-chT Rapid Men 2018"]
[Site "Sochi"]
[Date "2018.10.09"]
[Round "9"]
[White "Apryshko, Gleb"]
[Black "Savitskiy, Sergey"]
[Result "1-0"]
[ECO "A01"]
[WhiteElo "2399"]
[BlackElo "2413"]
[Annotator "NA"]
[PlyCount "77"]
[EventDate "2018.10.05"]
[EventType "swiss"]
[EventCountry "RUS"]
[SourceTitle "playchess.com"]
[Source "ChessBase"]
[SourceQuality "1"]
[TimeControl "900+10"]

1. b3 e5 2. Bb2 Nc6 3. e3 Nf6 4. g3 d5 5. Bg2 Bg4 6. Ne2 Qd7 7. h3 Be6 8. d3 Bd6 9. Nd2 O-O 10. g4 h6 11. c4 Qe7 12. a3 a5 13. Ng3 g6 14. Qc2 Rad8 15. Nf3 Nd7 16. O-O Rfe8 17. Qc3 d4 18. exd4 exd4 19. Qd2 Nc5 20. b4 axb4 21. axb4 Nb3 22. Qxh6 Qf8 23. Qxf8+ Bxf8 24. Ra3 b5 25. Ng5 Nxb4 26. Nxe6 Rxe6 27. Rxb3 bxc4 28. dxc4 c5 29. Ba3 Re5 30. Bxb4 cxb4 31. Bd5 Kg7 32. Ra1 Rd7 33. Kf1 Kh7 34. Ra8 Be7 35. f4 Re3 36. Rxe3 dxe3 37. Ke2 Bc5 38. Ne4 Bd4 39. Kd3 1-0

[Event "RUS-chT Rapid Men 2018"]
[Site "Sochi"]
[Date "2018.10.09"]
[Round "9"]
[White "Tenikashvili, Georgij"]
[Black "Maletin, Pavel"]
[Result "0-1"]
[ECO "E10"]
[WhiteElo "2361"]
[BlackElo "2586"]
[Annotator "ChessBase"]
[PlyCount "68"]
[EventDate "2018.10.05"]
[EventType "swiss"]
[EventCountry "RUS"]
[SourceTitle "playchess.com"]
[Source "ChessBase"]
[SourceQuality "1"]
[TimeControl "900+10"]

1. d4 Nf6 2. c4 e6 3. Nf3 d5 4. cxd5 exd5 5. Nc3 c6 6. Bg5 Be7 7. Qc2 g6 8. e3 Bf5 9. Bd3 Bxd3 10. Qxd3 Nbd7 11. O-O O-O 12. a3 a5 13. Rac1 Re8 14. h3 Ne4 15. Bf4 Bd6 16. Bxd6 Nxd6 17. Nd2 f5 18. f4 a4 19. Rc2 Qe7 20. Re1 g5 21. Nf3 gxf4 22. exf4 Ne4 23. Ne5 Kh8 24. Qf3 Rg8 25. Qh5 Raf8 26. Nxe4 fxe4 27. Rf2 Nxe5 28. dxe5 Rg3 29. Qh6 Rfg8 30. f5 Qxe5 31. f6 e3 32. Rfe2 Qe4 33. f7 Rxg2+ 34. Kf1 Rg1# 0-1